 Dungeon Crawl Stone Soup version 0.26-a0-1197-gd68fa41eda (webtiles) character file.

Game seed: 2188140830178541682

9 Morbidden the Grave Robber (level 2, 0/19 HPs)
             Began as a Demonspawn Necromancer on Dec 28, 2020.
             Slain by a goblin (4 damage)
             ... on level 1 of the Dungeon.
             The game lasted 00:00:18 (346 turns).

Morbidden the Grave Robber (Demonspawn Necromancer)  Turns: 346, Time: 00:00:19

Health: 0/19       AC:  4    Str:  8    XL:     2   Next: 3%
Magic:  1/5        EV: 12    Int: 16    God:
Gold:   16         SH:  0    Dex: 13    Spells: 4/5 levels left

rFire    . . .     SeeInvis .   (no weapon)
rCold    . . .     Faith    .   (no shield)
rNeg     . . .     Spirit   .   a - +0 robe
rPois    .         Reflect  .   (no helmet)
rElec    .         Harm     .   (no cloak)
rCorr    .         Rampage  .   (no gloves)
Will     .....                  (no boots)
Stlth    ++........             (no amulet)
HPRegen  0.06/turn              (no ring)
MPRegen  0.09/turn              (no ring)

@: no status effects
A: icy blue scales 1
a: no special abilities


You were on level 1 of the Dungeon.
You visited 1 branch of the dungeon, and saw 1 of its levels.

You collected 16 gold pieces.

Inventory:

Armour
 a - a +0 robe (worn)
Scrolls
 b - a scroll of identify {unknown}
 c - a scroll of teleportation {unknown}


   Skills:
 + Level 1.7 Dodging
 + Level 1.9 Stealth
 + Level 2.1 Spellcasting
 + Level 4.7 Necromancy


You had 4 spell levels left.
You knew the following spells:

 Your Spells              Type           Power        Failure   Level
a - Pain                  Necr           64%          3%          1

Your spell library contained the following spells:

 Spells                   Type           Power        Failure   Level
 Animate Skeleton         Necr           32%          3%          1
 Vampiric Draining        Necr           8%           9%          3
 Animate Dead             Necr           8%           28%         4
 Agony                    Necr           16%          63%         5


Dungeon Overview and Level Annotations

Branches:
Dungeon (1/15)

Altars:


Innate Abilities, Weirdness & Mutations

You are partially covered in icy blue scales. (AC +2)


Message History

Aiming: Pain (safe; 3% risk of failure)
Press: ? - help, Shift-Dir - straight line, f - leopard gecko
Aim: a leopard gecko (chance to affect: 87%)
The leopard gecko writhes in agony.
The leopard gecko barely misses you.
Casting: Pain (safe; 3% risk of failure)
Confirm with . or Enter, or press ? or * to list all spells.
You don't know that spell.
Unknown command.
Casting: Pain (safe; 3% risk of failure)
Confirm with . or Enter, or press ? or * to list all spells.
Aiming: Pain (safe; 3% risk of failure)
Press: ? - help, Shift-Dir - straight line, f/p - leopard gecko
Aim: a leopard gecko (heavily wounded, chance to affect: 87%)
The leopard gecko writhes in agony.
You kill the leopard gecko!
You have reached level 2!
Your demonic ancestry asserts itself...
Icy blue scales grow over part of your body.
You miss the goblin. The goblin hits you.
You die...

........# .###.#### .# #.#
############ .# #.# #...........
.###.# ###.#######. .#...#
#.##....#. .#.###############
##.##.#.##.
.................######.......##.
...............g@.(..>...........
##.#############.######..#....###
.................รท.# #..####.#
##.#........####.#.####..####.###
##..........####.#...............
####........+.##.#..#############
# ..(.....#.##.#..##.....#
####.....(..#.##.#.###.8.8.#
.................#.##...8..#


You could see a goblin.

Vanquished Creatures
  A leopard gecko (D:1)
  A bat (D:1)
  A giant cockroach (D:1)
  A goblin (D:1)
  2 hobgoblins (D:1)
6 creatures vanquished.

Notes
Turn   | Place    | Note
-------+----------+-------------------------------------------
     0 | D:1      | Morbidden the Demonspawn Necromancer began the quest for
                  | the Orb.
     0 | D:1      | Reached XP level 1. HP: 13/13 MP: 3/3
   346 | D:1      | Gained mutation: You are partially covered in icy blue
                  | scales. (AC +2) [demonic ancestry]
   346 | D:1      | Reached XP level 2. HP: 4/19 MP: 1/5
   346 | D:1      | Slain by a goblin

Illustrated notes

Levels and vault maps discovered:
D:1:      ncdulo_halloftheorcs, layout_basic

Action                   || total
-------------------------++-------
Melee: Unarmed           ||     4
 Cast: Pain              ||    12
Armor: Robe              ||     1
Dodge: Dodged            ||     9

Table legend: (Time is in decaauts)
 A = Elapsed time spent in this place.
 B = Non-inter-level travel time spent in this place.
 C = Inter-level travel time spent in this place.
 D = Time resting spent in this place.
 E = Time spent auto-exploring this place.
 F = Levels seen in this place.
 G = Mean time per level.
                   A        B        C        D        E       F      G
               +--------+--------+--------+--------+--------+-----+--------+
         Total |    346 |    346 |      0 |      0 |    286 |   1 |  346.0 |
       Dungeon |    346 |    346 |      0 |      0 |    286 |   1 |  346.0 |
               +--------+--------+--------+--------+--------+-----+--------+

Top non-repeatable levels by time:
     D:1: 346 daAuts
